 Dungeon Crawl Stone Soup version 0.17-a0-530-gbe3d13a (webtiles) character file.

40114 abixa the Grappler (level 13, -1/135 HPs)
             Began as a Troll Monk on Apr 12, 2015.
             Was the Champion of Qazlal.
             Slain by an ice beast (3 damage)
             ... while paralysed by an orc sorcerer
             ... on level 2 of the Orcish Mines.
             The game lasted 01:13:43 (17461 turns).

abixa the Grappler (Troll Monk)                    Turns: 17461, Time: 01:13:43

Health: -1/135     AC:  8    Str: 22    XL:     13   Next: 72%
Magic:  13/19      EV: -4    Int:  6    God:    Qazlal [******]
Gold:   1283       SH:  0    Dex: 16    Spells: 0 memorised, 12 levels left

rFire  x x .     SeeInvis .       - Unarmed
rCold  + + .     Clarity  .     N - +0 robe {MR+}
rNeg   . . .     SustAb   .     (no shield)
rPois  .         Gourm    +     (helmet restricted)
rElec  .         Spirit   .     (no cloak)
rCorr  .         Warding  .     (gloves unavailable)
rMut   .         Stasis   .     (boots unavailable)
MR     +....                    U - amulet of regeneration
Stlth  +.........               m - ring of ice
                                G - ring of ice

@: paralysed, protected from physical damage, repel missiles, somewhat resistant
to hostile enchantments, very unstealthy
A: unfitting armour, claws 3, fast metabolism 3, gourmand, regeneration 2,
shaggy fur 1, tough skin 2
a: Upheaval, Elemental Force, Disaster Area, Renounce Religion


You were on level 2 of the Orcish Mines.
You worshipped Qazlal.
Qazlal was exalted by your worship.
You were completely stuffed.

You visited 4 branches of the dungeon, and saw 20 of its levels.
You also visited: Ossuary.

You collected 1283 gold pieces.

Inventory:

Hand weapons
 b - a +1 hunting sling of evasion
 y - the +9 dagger of Experimentation {pierce, *Rage rF+ rC+ rN+}
   (You found it on level 12 of the Dungeon)

   It inflicts extra damage upon your enemies.
   It protects you from fire.
   It protects you from cold.
   It protects you from negative energy.
   It may make you go berserk in combat.
Missiles
 c - 9 large rocks
 d - 345 stones
 q - 121 sling bullets
 x - 18 tomahawks (quivered)
 E - 7 silver javelins
 R - 17 sling bullets of frost
 Z - 3 throwing nets
Armour
 a - a +1 robe
 N - a +0 robe of magic resistance (worn)
Jewellery
 m - a ring of ice (right claw)
 o - an uncursed ring of positive energy
 r - an uncursed ring of fire
 G - a ring of ice (left claw)
 K - an uncursed ring of magical power
 M - an uncursed amulet of clarity
 U - an amulet of regeneration (around neck)
 Y - an uncursed ring of positive energy
Magical devices
 g - a wand of hasting (4)
 i - a wand of polymorph (8)
 j - a wand of paralysis (11)
 w - a wand of paralysis (6)
 L - a wand of fire (8)
 P - a wand of heal wounds (4)
 T - a wand of digging (4)
 V - a wand of disintegration (9)
Scrolls
 f - 4 scrolls of remove curse
 h - 6 scrolls of fear
 k - a scroll of magic mapping
 l - a scroll of torment {unknown}
 p - 2 scrolls of amnesia {unknown}
 s - 2 scrolls of fog {unknown}
 t - a scroll of recharging
Potions
 e - 3 potions of agility
 n - 8 potions of curing
 A - a potion of lignification {unknown}
 C - 2 potions of resistance
 H - a potion of heal wounds {unknown}
 I - a potion of poison {unknown}
 J - 4 potions of might
Books
 v - a book of Burglary

   Spells                             Type                      Level
   a - Swiftness                      Charms/Air                   2
   b - Passwall                       Transmutation/Earth          3
   c - Passage of Golubria            Translocation                4
   d - Lee's Rapid Deconstruction     Earth                        5
   e - Invisibility                   Hexes                        6
   f - Darkness                       Hexes                        7
Comestibles
 u - 14 bread rations
 z - 3 fruits
 B - a chunk of flesh
 D - a meat ration


   Skills:
 + Level 10.4 Fighting
 + Level 10.5 Dodging
 - Level 1.1 Stealth
 + Level 13.6 Unarmed Combat
 + Level 9.9 Invocations


You had 12 spell levels left.
You didn't know any spells.

Dungeon Overview and Level Annotations

Branches:
Dungeon (12/15)            Temple (1/1) D:7            Lair (5/8) D:10
  Swamp (0/5) Lair:3       Spider (0/5) Lair:4          Orc (2/4) D:12

Altars:
Ashenzari
Cheibriados
Dithmenos
Elyvilon
Fedhas
Gozag
Kikubaaqudgha
Makhleb
Nemelex Xobeh
Okawaru
Qazlal
Ru
Sif Muna
Trog
Vehumet
Xom
Yredelemnul
Zin
The Shining One

Shops:
D:5 [   D:8 %

Portals:
Ice
Cave: Orc:2

Annotations:
D:8 Erica


Innate Abilities, Weirdness & Mutations

You are too large for most types of armour.
You have claws for hands.
Your metabolism is lightning-fast.
You like to eat raw meat.
You heal very quickly.
You are covered in fur (AC +1).
You have very tough skin (AC +2).


Message History

* * * LOW HITPOINT WARNING * * *
The ice beast freezes you. You resist.
You feel more protected from cold.
* * * LOW HITPOINT WARNING * * *
The orc warrior hits you with a battleaxe!
* * * LOW HITPOINT WARNING * * *
The orc knight roars a battlecry!
The orcs go into a battle-frenzy!
The orc knight hits you with a great sword!
* * * LOW HITPOINT WARNING * * *
The orc sorcerer casts a spell.
The goblin completely misses you.
The ice beast hits you but does no damage.
The orc hits you from afar with a trident.
* * * LOW HITPOINT WARNING * * *
Your resistance to cold fades away.
You feel protected from physical attacks.
The ice beast is engulfed in roaring flames.
The ice beast hits you.
You die...

### .. #.#...
...#.≈.....
.#...#.#.....
.............. .
#...<≈.)..∩..
...#...o§.)....
..)o...goYo......
...o.4oo@o§o.....
...o.o§oY.§......
.o..o.§§≈≈#...#
...o)..o[.oo.##
..)o.[......o
.............
..#........
.....#... ...


You could see an orc knight, a rust devil, an orc sorcerer, 4 orc warriors, 2
ice beasts, 3 orc priests, an orc wizard (frenzied), 10 orcs and a goblin.

Vanquished Creatures
  Frances (D:12)
  Nessos (D:12)
  Harold (D:11)
  A catoblepas (Lair:3)
  4 death yaks (Lair:4)
  Nergalle (D:11)
  The ghost of Fluffy the Skirmisher, an experienced DsGl of Makhleb (D:8)
  2 unseen horrors
  Pikel (D:8)
  3 hill giants
  A wolf spider (Lair:4)
  An ugly thing (D:11)
  An orc knight (Orc:2)
  The ghost of Sar the Agent of Entropy, an experienced FoAK of Lugonu (D:7)
  A cyclops (D:9)
  5 elephants (Lair:5)
  A manticore (D:11)
  A black mamba (Lair:5)
  2 centaur skeletons (D:12)
  4 komodo dragons
  A fire drake (Lair:3)
  4 spiny frogs
  A two-headed ogre (D:12)
  A kobold demonologist (D:9)
  A troll (D:9)
  18 blink frogs
  A shadow (D:10)
  An air elemental (Lair:1)
  19 yaks
  2 deep elf magi
  A steam dragon (D:11)
  Eustachio (D:4)
  Grum (D:8)
  5 hippogriffs
  6 swamp worms (Lair:3)
  2 wargs (D:12)
  13 wolves
  10 water moccasins
  9 porcupines
  A black bear (Lair:4)
  5 sky beasts
  3 orc warriors
  7 ice beasts
  An eye of draining (D:8)
  3 centaurs
  A slave (D:8)
  5 ogres
  6 phantoms
  7 crocodiles
  18 giant frogs
  2 big kobolds
  2 water moccasin zombies (Ossuary)
  3 scorpions
  7 wights
  An electric eel (Lair:3)
  7 crimson imps
  A killer bee (D:9)
  3 goliath beetles
  3 centaur zombies
  6 jellies
  4 hounds
  9 orc wizards
  2 giant frog skeletons
  12 orc priests
  Jessica (D:3)
  25 iguanas
  A quasit (D:9)
  14 worker ants
  5 hell rats (Lair:5)
  10 sheep
  5 big kobold zombies (Ossuary)
  2 mummies (Ossuary)
  A hound zombie (D:5)
  A worker ant zombie (D:11)
  7 gnolls
  92 river rats
  13 adders
  A shadow imp (D:12)
  A worm (D:3)
  6 adder zombies (Ossuary)
  7 giant geckos
  An ooze (D:4)
  73 orcs
  22 bats
  A bat zombie (D:5)
  16 hobgoblins
  5 jackals
  3 quokkas
  2 giant cockroaches
  2 giant gecko skeletons
  A giant gecko zombie (D:5)
  11 giant newts
  3 giant spores
  4 gnoll zombies (Ossuary)
  15 goblins
  6 hobgoblin zombies (Ossuary)
  A jackal zombie (D:5)
  24 kobolds
  5 kobold zombies (Ossuary)
  8 orc zombies (Ossuary)
  13 rats
  12 spectral orcs (D:11)
  7 ballistomycetes
  21 fungi
  9 plants
707 creatures vanquished.

Vanquished Creatures (collateral kills)
  A water moccasin (Lair:1)
  A river rat (Lair:1)
2 creatures vanquished.

Vanquished Creatures (others)
  A fire elemental (Lair:1)
  A goblin (D:8)
2 creatures vanquished.

Grand Total: 711 creatures vanquished

Notes
Turn   | Place    | Note
--------------------------------------------------------------
     0 | D:1      | abixa, the Troll Monk, began the quest for the Orb.
     0 | D:1      | Reached XP level 1. HP: 22/22 MP: 0/0
   198 | D:1      | Reached XP level 2. HP: 29/29 MP: 1/1
   705 | D:2      | Reached skill level 5 in Unarmed Combat
   708 | D:2      | Reached XP level 3. HP: 31/36 MP: 2/2
  1059 | D:2      | Reached XP level 4. HP: 44/44 MP: 3/3
  1459 | D:2      | Reached skill level 6 in Unarmed Combat
  1461 | D:2      | Reached XP level 5. HP: 26/50 MP: 4/4
  1796 | D:3      | Found a bloodstained altar of Trog.
  1799 | D:3      | Found a glowing silver altar of Zin.
  1802 | D:3      | Found a glowing golden altar of the Shining One.
  1823 | D:3      | Found a blossoming altar of Fedhas.
  1859 | D:3      | Noticed Jessica
  1863 | D:3      | Killed Jessica
  1863 | D:3      | Reached skill level 7 in Unarmed Combat
  2290 | D:4      | Reached XP level 6. HP: 50/59 MP: 5/5
  2546 | D:4      | Reached skill level 8 in Unarmed Combat
  2577 | D:4      | Noticed Eustachio
  2589 | D:4      | Killed Eustachio
  2589 | D:4      | Reached XP level 7. HP: 54/66 MP: 6/6
  2903 | D:5      | Entered Level 5 of the Dungeon
  2945 | D:5      | Reached skill level 9 in Unarmed Combat
  2950 | D:5      | Found a sand-covered staircase.
  2955 | Ossuary  | Entered an ossuary
  3497 | D:5      | Found Rocube's Antique Armour Boutique.
  3576 | D:5      | Found a deep blue altar of Sif Muna.
  3695 | D:5      | Reached XP level 8. HP: 76/78 MP: 7/7
  3988 | D:5      | Found a stormy altar of Qazlal.
  3995 | D:5      | Became a worshipper of Qazlal Stormbringer
  3995 | D:5      | Acquired Qazlal's first power
  3995 | D:5      | Acquired Qazlal's second power
  4186 | D:6      | Reached skill level 1 in Invocations
  4245 | D:6      | Found a sacrificial altar of Ru.
  4429 | D:6      | Reached skill level 10 in Unarmed Combat
  5337 | D:7      | Noticed Sar's ghost (experienced FoAK)
  5379 | D:7      | Reached skill level 5 in Fighting
  5540 | D:7      | Found a basalt altar of Yredelemnul.
  5558 | D:7      | Reached XP level 9. HP: 70/88 MP: 10/10
  5868 | D:7      | Identified a +0 rod of shadows (14/14) (You found it on level 7 of the Dungeon)
  5960 | D:7      | You fall through a shaft!
  5977 | D:8      | Noticed Erica
  5986 | D:8      | HP: 2/88 [something/wand of cold (42)]
  6115 | D:8      | Acquired Qazlal's third power
  6342 | D:7      | Reached skill level 5 in Invocations
  6371 | D:7      | Found a staircase to the Ecumenical Temple.
  6380 | Temple   | Entered the Ecumenical Temple
  6892 | D:7      | Killed Sar's ghost
  6892 | D:7      | Reached skill level 11 in Unarmed Combat
  7111 | D:8      | Noticed Fluffy's ghost (experienced DsGl)
  7238 | D:8      | Killed Fluffy's ghost
  7288 | D:8      | Reached XP level 10. HP: 86/96 MP: 2/14
  7333 | D:8      | Noticed Pikel
  7333 | D:8      | Found Carociodgh's Food Emporium.
  7351 | D:8      | Killed Pikel
  7380 | D:8      | Noticed Grum
  7390 | D:8      | Killed Grum
  7674 | D:9      | Reached skill level 12 in Unarmed Combat
  8171 | D:9      | Noticed a cyclops
  8190 | D:9      | Killed a cyclops
  8427 | D:9      | Acquired Qazlal's fourth power
  8519 | D:10     | Entered Level 10 of the Dungeon
  8751 | D:10     | Found a staircase to the Lair.
  8783 | D:10     | Noticed a hill giant
  8801 | D:10     | Killed a hill giant
  8801 | D:10     | Reached XP level 11. HP: 75/105 MP: 16/16
  9330 | D:10     | Reached skill level 13 in Unarmed Combat
  9738 | Lair:1   | Entered Level 1 of the Lair of Beasts
 10291 | Lair:2   | Reached skill level 5 in Dodging
 10998 | Lair:2   | Acquired Qazlal's fifth power
 11951 | Lair:3   | Reached XP level 12. HP: 105/118 MP: 17/17
 12123 | Lair:3   | You fall through a shaft for 2 floors!
 13283 | Lair:4   | Found a hole to the Spider Nest.
 14590 | Lair:3   | Reached XP level 13. HP: 116/131 MP: 18/18
 14639 | Lair:3   | Found a staircase to the Swamp.
 15332 | D:11     | Reached skill level 10 in Dodging
 15528 | D:11     | Noticed Harold
 15529 | D:11     | Noticed Nergalle
 15697 | D:11     | Killed Harold
 15697 | D:11     | Reached skill level 10 in Fighting
 15740 | D:11     | Killed Nergalle
 16484 | D:12     | Found a staircase to the Orcish Mines.
 16514 | D:12     | Noticed Frances
 16523 | D:12     | Killed Frances
 16698 | D:12     | Noticed Nessos
 16706 | D:12     | Killed Nessos
 16715 | D:12     | Got a bone dagger
 17114 | Orc:1    | Entered Level 1 of the Orcish Mines
 17393 | Orc:1    | Identified the +9 dagger of Experimentation {pierce, *Rage rF+ rC+ rN+} (You found it on level 12 of the Dungeon)
 17446 | Orc:2    | Found a frozen archway.
 17457 | Orc:2    | Paralysed by an orc sorcerer for 6 turns
 17460 | Orc:2    | HP: 5/135 [orc knight/great sword (15)]
 17461 | Orc:2    | HP: 2/135 [orc/trident (5)]
 17461 | Orc:2    | Slain by an ice beast

Action                   |  1- 3 |  4- 6 |  7- 9 | 10-12 | 13-15 || total
-------------------------+-------+-------+-------+-------+-------++-------
Melee: Unarmed           |    96 |   141 |   428 |   787 |   346 ||  1798
Throw: Stone             |       |     5 |    68 |     6 |     1 ||    80
       Tomahawk          |       |       |     6 |    65 |     1 ||    72
       Large rock        |       |       |       |     1 |       ||     1
Invok: Upheaval          |       |       |     2 |     2 |       ||     4
       Elemental Force   |       |       |       |     1 |       ||     1
       Disaster Area     |       |       |       |       |     1 ||     1
Evoke: Rod               |       |       |     3 |       |       ||     3
       Wand              |       |       |     1 |       |     1 ||     2
  Use: Scroll            |       |       |    14 |     3 |     2 ||    19
 Stab: Sleeping          |       |     2 |     5 |       |       ||     7
  Eat: Chunk             |    15 |    14 |    45 |    66 |    29 ||   169
       Meat ration       |       |       |       |     1 |       ||     1
